 Dungeon Crawl Stone Soup version 0.18-a0-1041-gbe91bf5 (webtiles) character file.

789 Goblin1989 the Basher (level 7, -1/45 HPs)
             Began as a Gargoyle Fighter on Jan 10, 2016.
             Slain by George's ghost (13 damage)
             ... on level 5 of the Dungeon.
             The game lasted 00:10:14 (4435 turns).

Goblin1989 the Basher (Gargoyle Fighter)            Turns: 4435, Time: 00:10:15

Health: -1/45      AC: 11    Str: 22    XL:     7   Next: 87%
Magic:  7/7        EV:  9    Int:  8    God:
Gold:   240        SH:  9    Dex:  9    Spells: 0 memorised, 6 levels left

rFire  . . .     SeeInvis .     a - +0 flail
rCold  . . .     Gourm    .     b - +0 scale mail
rNeg   + . .     Faith    .     c - +0 shield
rPois  ∞         Spirit   .     (no helmet)
rElec  +         Dismiss  .     (no cloak)
rCorr  .         Reflect  .     (no gloves)
SustAt .         Harm     .     (no boots)
MR     .....                    (no amulet)
Stlth  ..........               D - +2 ring of evasion
                                A - +2 ring of slaying

@: not resistant to hostile enchantments, extremely unstealthy
A: negative energy resistance 1, robust 1, electricity resistance, unbreathing,
petrification resistance, rot immunity, AC +4
a: no special abilities


You were on level 5 of the Dungeon.
You were hungry.

You visited 1 branch of the dungeon, and saw 6 of its levels.

You collected 240 gold pieces.

Inventory:

Hand Weapons
 a - a +0 flail (weapon)
Armour
 b - a +0 scale mail (worn)
 c - a +0 shield (worn)
Jewellery
 A - a +2 ring of slaying (left hand)
 D - a +2 ring of evasion (right hand)
Wands
 y - a wand of polymorph (9/24)
 z - a wand of paralysis (2/24)
 E - a wand of fire (3/15)
Scrolls
 e - 2 scrolls of magic mapping {unknown}
 i - 4 scrolls of remove curse
 j - 2 scrolls of fog
 m - a scroll of recharging {unknown}
 n - a scroll of enchant weapon {unknown}
 o - a scroll of enchant armour {unknown}
 s - 2 scrolls of identify {unknown}
 x - a scroll of fear {unknown}
 C - a scroll of teleportation {unknown}
Potions
 d - a potion of might
 g - a potion of haste {unknown}
 h - a potion of ambrosia {unknown}
 l - a potion of magic {unknown}
 q - 3 potions of mutation {unknown}
 r - a potion of resistance {unknown}
 t - a potion of cancellation {unknown}
 u - 2 potions of lignification {unknown}
 w - a potion of brilliance {unknown}
 B - a potion of flight {unknown}
Comestibles
 f - 8 bread rations
 k - 2 meat rations
 p - a royal jelly


   Skills:
 - Level 3.2 Fighting
 * Level 8.8 Maces & Flails
 - Level 3.2 Armour
 - Level 3.2 Shields


You had 6 spell levels left.
You didn't know any spells.

Dungeon Overview and Level Annotations

Branches:
Dungeon (6/15)
 Temple: D:4-7

Altars:
Ashenzari
Dithmenos
Fedhas
Okawaru
Sif Muna
Xom
Zin
The Shining One

Shops:
D:4 :

Annotations:
D:5 George's ghost, novice MiFi
D:6 1 runed door


Innate Abilities, Weirdness & Mutations

You are resistant to torment.
Your stone body is resilient (AC +4).
You are immune to poison.
You resist negative energy.
You are resistant to electric shocks.
You can survive without breathing.
You are immune to petrification.
You are immune to rotting.
You are robust (+10% HP).


Message History

The giant gecko is severely wounded.
You block George's ghost's attack.
The giant gecko bites you but does no damage.
You barely miss the giant gecko.
The giant gecko is severely wounded.
The giant gecko barely misses you. You block George's ghost's attack.
You sock the giant gecko!
You kill the giant gecko!
George's ghost hits you!
* * * LOW HITPOINT WARNING * * *
George's ghost whispers, "Trust me.
Just give in."
George's ghost ripples.
George's ghost holds its blade at the ready.
George's ghost hits you but does no damage.
George's ghost grins evilly.
You see here a short sword.
George's ghost says, "There is no future for me!"
You see here a long sword.
George's ghost hits you!
You die...

##
.################################
............<....................
.###############################.
.# #.......)W@.....(# #. ##
#.##############.# #. #.# ######
###'### #. #.#####....###.....#
#. #######..........'.'.....# #.
......#######....###.....# #.
......#######....# #.....# #.
............)....# #.....# #.
####.>.........### #.....########


You could see George's ghost.

Vanquished Creatures
  A sky beast (D:5)
  2 ogres
  A centaur (D:6)
  A scorpion (D:5)
  A crimson imp (D:5)
  A centaur skeleton (D:4)
  2 hounds
  An orc wizard (D:4)
  3 worker ants
  A hound zombie (D:6)
  4 gnolls (D:2)
  2 adders (D:3)
  A shadow imp (D:5)
  An adder skeleton (D:3)
  2 worms (D:3)
  7 giant geckos
  12 orcs
  3 giant cockroaches (D:3)
  9 hobgoblins
  3 jackals (D:3)
  9 kobolds
  3 quokkas
  A ball python (D:4)
  7 bats
  4 giant newts
  7 goblins
  A quokka skeleton (D:4)
  3 rats
93 creatures vanquished.

Notes
Turn   | Place    | Note
--------------------------------------------------------------
     0 | D:1      | Goblin1989 the Gargoyle Fighter began the quest for the Orb.
     0 | D:1      | Reached XP level 1. HP: 14/14 MP: 1/1
    67 | D:1      | Reached XP level 2. HP: 19/19 MP: 2/2
   556 | D:1      | Reached XP level 3. HP: 23/23 MP: 3/3
   753 | D:2      | Reached skill level 4 in Maces & Flails
   755 | D:2      | Reached XP level 4. HP: 24/28 MP: 4/4
   944 | D:2      | Found a shattered altar of Ashenzari.
  1285 | D:2      | Found a blossoming altar of Fedhas.
  1425 | D:3      | Found a shadowy altar of Dithmenos.
  1437 | D:3      | Found a deep blue altar of Sif Muna.
  1437 | D:3      | Found a glowing golden altar of the Shining One.
  1453 | D:3      | Found a shimmering altar of Xom.
  1535 | D:3      | Found an iron altar of Okawaru.
  1680 | D:3      | Reached skill level 5 in Maces & Flails
  1680 | D:3      | Reached XP level 5. HP: 30/32 MP: 5/5
  2495 | D:4      | Found Corraacw's Book Shoppe.
  3119 | D:4      | Noticed an ogre
  3154 | D:4      | Killed an ogre
  3154 | D:4      | Reached skill level 6 in Maces & Flails
  3154 | D:4      | Reached XP level 6. HP: 5/37 MP: 6/6
  3167 | D:4      | HP: 1/37 [centaur skeleton (4)]
  3631 | D:5      | Entered Level 5 of the Dungeon
  3668 | D:5      | Noticed a sky beast
  3701 | D:5      | Killed a sky beast
  3701 | D:5      | Reached skill level 7 in Maces & Flails
  3701 | D:5      | Reached XP level 7. HP: 29/41 MP: 7/7
  3705 | D:5      | Gained mutation: You are robust (+10% HP). [mutagenic meat]
  3823 | D:5      | Noticed George's ghost (novice MiFi)
  4024 | D:5      | Reached skill level 8 in Maces & Flails
  4231 | D:6      | Found a glowing silver altar of Zin.
  4232 | D:6      | Noticed an angel
  4237 | D:6      | Found a runed door.
  4435 | D:5      | Slain by George's ghost

Vault maps used:
D:1:      evilmike_arrival_plus, hangedman_decor_slide_cut
D:2:      evilmike_ruin_ashenzari, lemuel_crystal_altar, first_bread
D:3:      grunt_temple_overflow_open, minmay_misc_feat_enclosed,
          okawaru_metal_pillars_3
D:4:      serial_shops, nicolae_shop_stone
D:5:      basic_altar
D:6:      kennysheep_mini_moat, serial_shops, shop, lemuel_angel_altar

Action                   |  1- 3 |  4- 6 |  7- 9 || total
-------------------------+-------+-------+-------++-------
Melee: Flail             |    82 |   273 |    67 ||   422
Evoke: Wand              |       |       |     3 ||     3
  Use: Scroll            |       |       |     2 ||     2
 Stab: Paralysed         |       |       |     5 ||     5
  Eat: Chunk             |       |     5 |     4 ||     9
       Beef jerky        |       |     2 |       ||     2
